[Event "Baku Open 2024"]
[Site "Baku"]
[Date "2024.07.01"]
[Round "3.33"]
[White "Vantika Agrawal"]
[Black "Bizhigitov, Zhangir"]
[Result "1/2-1/2"]
[ECO "E11"]
[WhiteElo "2390"]
[BlackElo "2212"]
[Annotator "TA"]
[PlyCount "193"]
[EventDate "2024.06.29"]
[EventType "swiss"]
[EventCountry "AZE"]
[SourceTitle "playchess.com"]
[Source "ChessBase"]
[SourceQuality "1"]
[TimeControl "5400+30"]

1. d4 Nf6 2. c4 e6 3. Nf3 d5 4. g3 Bb4+ 5. Bd2 Be7 6. Bg2 O-O 7. O-O c6 8. Qc2 Nbd7 9. h4 {[%emt 0:01:17] E11: Bogo-Indian.} h6 10. Bf4 b6 $146 ({Predecessor:} 10... Nh5 11. Bc1 Nhf6 12. Nbd2 b6 13. e4 Ba6 14. b3 Rc8 15. Rd1 c5 16. exd5 exd5 {0-1 Grischuk,A (2736)-Daneshvar,B (2577) FIDE World Cup 2023 (2.9)}) 11. Re1 Bb7 12. Nbd2 c5 13. dxc5 Bxc5 14. Nb3 Bb4 15. Bd2 Bd6 16. cxd5 Rc8 17. Bc3 Nxd5 18. Qd2 Nc5 19. Nxc5 Bxc5 20. Red1 Nxc3 21. Qxc3 Qe7 22. Qe5 Rfd8 23. Ne1 Ba6 24. Bf1 Bd6 25. Qe4 Qf6 26. Nd3 Bc4 27. Qf3 Qe7 28. b3 Bd5 29. Qe3 e5 30. Rac1 Rxc1 31. Qxc1 Bb7 32. Bg2 Ba3 33. Qc2 e4 34. Nf4 Rxd1+ 35. Qxd1 e3 36. Bxb7 exf2+ 37. Kxf2 Bc5+ 38. Kf3 Qxb7+ 39. e4 Qe7 40. Qd5 Bd6 41. Nd3 Qf6+ 42. Kg2 Qg6 43. e5 Bf8 44. a4 Qf5 45. Nf4 Qc2+ 46. Kf3 Qf5 47. g4 Qb1 48. e6 (48. h5 $11) 48... Qf1+ ({Black should try} 48... Qh1+ $15 49. Kg3 Qxd5 50. Nxd5 fxe6) 49. Kg3 $1 $11 Qe1+ 50. Kg2 fxe6 51. Qxe6+ Qxe6 52. Nxe6 Be7 53. h5 Kf7 54. Nd4 Bf6 55. Nb5 a6 56. Nc7 a5 57. Kf3 Bd8 58. Nd5 Ke6 59. Ke4 Kd6 60. Kd4 Bh4 61. Nf4 (61. Nxb6 $2 {too greedy.} Bf2+ 62. Ke4 Bxb6 $19) 61... Bg3 62. Nd3 Bh2 63. Kc4 Kc6 64. Ne1 Bg1 65. Nf3 Be3 66. Kd3 Bc1 67. Kd4 Bb2+ 68. Kc4 Bf6 69. Ne1 Bh4 70. Nd3 Bf6 71. Nf4 Bb2 72. Nd5 Ba1 73. Ne7+ Kd6 74. Nf5+ Kc6 75. Ng3 Bb2 76. Ne4 Be5 77. Nf2 Bb2 78. Nd3 Bf6 79. b4 axb4 80. Nxb4+ Kd6 81. Nd5 Kc6 82. Nxf6 gxf6 83. Kb4 (83. Kd4 $5 Kd6 $8 84. Ke4 $11) 83... Kb7 84. Kb3 Ka6 85. Kb4 (85. Kc4 $5 Ka5 $8 86. Kd5 (86. Kb3 b5 $11) 86... Kxa4 87. Ke6 $11) 85... Kb7 86. Kc4 (86. Kb5 $5) 86... Kc6 87. Kd4 $1 Kd6 88. Ke4 Ke6 89. Kf4 Ke7 $1 90. Ke3 Ke6 91. Ke4 (91. Kf4 $5) 91... Ke7 92. Kd5 Kd7 93. Kc4 Kc6 94. Kb4 (94. Kd4 $5 Kd6 $8 95. Ke4 $11) 94... Kb7 95. Kb3 Ka6 96. Kb4 (96. Kc4 $5 Ka5 $8 97. Kd5 (97. Kb3 b5 $11) 97... Kxa4 98. Ke6 $11) 96... Kb7 97. Kc4 (97. Kb5 $5) 1/2-1/2

[Event "Baku Open 2024"]
[Site "Baku"]
[Date "2024.07.01"]
[Round "3.34"]
[White "Aslanov, Umid"]
[Black "Talibov, Shiroghlan"]
[Result "0-1"]
[ECO "B87"]
[WhiteElo "2216"]
[BlackElo "2361"]
[Annotator "TA"]
[PlyCount "114"]
[EventDate "2024.06.29"]
[EventType "swiss"]
[EventCountry "AZE"]
[SourceTitle "playchess.com"]
[Source "ChessBase"]
[SourceQuality "1"]
[TimeControl "5400+30"]

1. e4 c5 2. Nf3 Nc6 3. d4 cxd4 4. Nxd4 Nf6 5. Nc3 d6 6. Bc4 e6 7. Be3 a6 8. Qe2 Bd7 9. Bb3 b5 10. Nxc6 Bxc6 11. f3 Be7 12. a3 Qc7 13. O-O O-O 14. Bd4 Qb7 15. Rad1 a5 16. e5 {[%emt 0:04:31] The position is equal.} dxe5 17. Qxe5 Rfd8 18. Ne2 Bd5 19. Qe3 Bxb3 20. Qxb3 Rd7 21. c3 Rad8 22. Nf4 a4 23. Qc2 Qc7 24. Bxf6 gxf6 (24... Bxf6 {simplifies} 25. Rxd7 Qxd7 26. Re1 Bg5) 25. Ne2 Bc5+ 26. Kh1 f5 27. Qc1 $1 {[%emt 0:03:22] Repels Be3} Kh8 28. c4 b4 29. axb4 Bxb4 30. Ng3 (30. Rxd7 $15 Qxd7 (30... Rxd7 31. Rd1 $15) 31. Nc3) 30... Bd2 {[%emt 0:05:38] Black is much more active.} 31. Qc2 Rd4 32. c5 R8d5 33. c6 Rd6 34. Qc5 R4d5 $1 $36 {[%emt 0:00:53][%mdl 2048] Keeping White busy.} (34... Qxc6 $6 35. Qe5+ Kg8 36. Nh5 $11) 35. Qc4 (35. Qa3 $17) 35... Rd4 $2 ({Don't take} 35... Rxc6 36. Qh4 Qd8 37. Qxa4 $15) (35... Qxc6 $19 36. Qe2 Bf4) 36. Qb5 (36. Qc5 $1 $11 {and White has nothing to worry.}) 36... Rxc6 $19 ({Weaker is} 36... Qxc6 37. Qe5+ Kg8 38. Nh5 $11) 37. Ne2 $2 (37. Nh5) 37... Rb4 38. Qd3 Rd6 39. Qa3 {[%emt 0:00:01][%cal Od1d2] [#] Black must now prevent Rxd2!} Qc4 40. Nc1 (40. Nc3) 40... Qc2 {[%emt 0:00:44] White is weak on the dark squares. Black is clearly winning.} 41. b3 axb3 42. Qa5 Rd5 43. Qa7 Kg7 44. Ne2 f4 (44... Be3 $142 45. Nd4 Bxd4 (45... Rbxd4 $2 46. Rde1 $19)) 45. Qe7 b2 46. Rb1 Qc5 47. Qh4 Rh5 48. Qd8 Be3 {[%emt 0:00:26][%cal Oh5h2] [#] ( -> ...Rxh2+!)} 49. g3 Qd5 (49... fxg3 $142 50. Nxg3 Rd5) 50. Qc7 Qe5 (50... Qd2 $142 51. Rfe1 fxg3 (51... Rc5 $2 52. Qe7 $19) 52. Qxg3+ Rg5) 51. Qxe5+ Rxe5 52. gxf4 (52. Nxf4 $142 Bxf4 53. gxf4) 52... Rc5 ({Not} 52... Bxf4 53. Nxf4 Rxf4 54. Rxb2 $17) 53. Ng3 Bxf4 54. Ne4 Rc2 55. Rg1+ Kf8 56. Rg2 Rc1+ 57. Rg1 Be3 {[%emt 0:00:06] Weighted Error Value: White=0.85/Black=0.37.  Loses game:     	White=1     	---        Missed win:     	---       	Black=1      Mistake:       	White=5     	---        Inaccurate:     	White=7     	Black=1      OK:         	White=11    	Black=12     Best:        	White=1     	Black=4      Strong:       	White=1     	---} 0-1

[Event "Baku Open 2024"]
[Site "Baku"]
[Date "2024.07.01"]
[Round "3.35"]
[White "Vrashank Chouhan"]
[Black "Kamalidenova, Meruert"]
[Result "1/2-1/2"]
[ECO "B13"]
[WhiteElo "2209"]
[BlackElo "2360"]
[Annotator "RC"]
[PlyCount "146"]
[EventDate "2024.06.29"]
[EventType "swiss"]
[EventCountry "AZE"]
[SourceTitle "playchess.com"]
[Source "ChessBase"]
[SourceQuality "1"]
[TimeControl "5400+30"]

1. d4 d5 2. Bf4 c5 3. e3 Nc6 4. Nf3 cxd4 5. exd4 Bf5 6. Bb5 e6 7. O-O Nge7 8. Ne5 f6 9. Nxc6 bxc6 10. Bd3 Qb6 11. Bxf5 Nxf5 12. c3 Qxb2 13. Nd2 Qxc3 14. Re1 Kf7 15. Nb3 Ba3 16. g4 Nh4 17. Re3 Qb4 18. Bg3 Ng6 19. Nc5 Qa5 20. Nxe6 Rhe8 21. Qc2 Rac8 22. Rae1 Kg8 23. Nc7 Rxe3 24. Rxe3 Rxc7 25. Bxc7 Qxc7 26. Rxa3 Qf4 27. Qd1 Nh4 28. Rh3 g5 29. Re3 h5 30. h3 Kg7 31. a4 a5 32. Re7+ Kf8 33. Re3 Kg7 34. Re7+ Kf8 35. Re3 Kg7 36. gxh5 Nf5 37. Rd3 Qe4 38. f3 Qf4 39. Qd2 Qg3+ 40. Qg2 Qe1+ 41. Qf1 Qg3+ 42. Qg2 Qe1+ 43. Qf1 Qg3+ 44. Qg2 Qh4 45. Kh2 Qf4+ 46. Kg1 Nxd4 47. Qf2 c5 48. Kg2 Kh6 49. Qd2 Qf5 50. h4 Ne6 51. hxg5+ fxg5 52. Kf2 d4 53. Rb3 Nf4 54. Rb6+ Kxh5 55. Qd1 Qh3 56. Qg1 Qh4+ 57. Kf1 d3 58. Qe3 Qh3+ 59. Kf2 Qg2+ 60. Ke1 Qh1+ 61. Kf2 Qh2+ 62. Kf1 Qg2+ 63. Ke1 d2+ 64. Kd1 Kh4 65. Rd6 Kg3 66. Rxd2 Qxf3+ 67. Qxf3+ Kxf3 68. Rc2 Ne6 69. Re2 Nf4 70. Re5 g4 71. Rxc5 g3 72. Rxa5 Nd3 73. Rg5 Nb2+ 1/2-1/2

[Event "Baku Open 2024"]
[Site "Baku"]
[Date "2024.07.01"]
[Round "3.36"]
[White "Aliyev, Ravan"]
[Black "Ismayil, Malak"]
[Result "1/2-1/2"]
[ECO "D06"]
[WhiteElo "2352"]
[BlackElo "2165"]
[Annotator "RC"]
[PlyCount "93"]
[EventDate "2024.06.29"]
[EventType "swiss"]
[EventCountry "AZE"]
[SourceTitle "playchess.com"]
[Source "ChessBase"]
[SourceQuality "1"]
[TimeControl "5400+30"]

1. d4 d5 2. c4 c5 3. cxd5 Qxd5 4. Nf3 cxd4 5. Nc3 Qa5 6. Nxd4 Nf6 7. g3 e5 8. Nb3 Qc7 9. Bg2 Bb4 10. O-O Bxc3 11. bxc3 O-O 12. Bg5 Nbd7 13. Qc2 h6 14. Bxf6 Nxf6 15. c4 Be6 16. Rfc1 Rac8 17. c5 Rfd8 18. Qb2 Bd5 19. Bxd5 Rxd5 20. Qa3 a6 21. c6 Ra8 22. cxb7 Qxb7 23. Na5 Qd7 24. Nc4 Rb5 25. Rab1 Rxb1 26. Rxb1 Qc7 27. Nd6 Rd8 28. Nf5 Qc2 29. Ne7+ Kh7 30. Qb3 Rd2 31. Qxc2+ Rxc2 32. Kf1 Rxa2 33. Rb7 Rd2 34. Nc6 Rd7 35. Rb6 Rd6 36. Rxa6 Ne4 37. Nb4 Rxa6 38. Nxa6 Nd6 39. f3 f6 40. Kf2 Nc4 41. g4 Kg6 42. Nc5 h5 43. e4 Kh6 44. h4 g5 45. Kg3 hxg4 46. Kxg4 gxh4 47. Kxh4 1/2-1/2

[Event "Baku Open 2024"]
[Site "Baku"]
[Date "2024.07.01"]
[Round "3.37"]
[White "Ahmadov, Fariz"]
[Black "Putrenko, Kirill"]
[Result "1-0"]
[ECO "B40"]
[WhiteElo "2178"]
[BlackElo "2349"]
[Annotator "TA"]
[PlyCount "127"]
[EventDate "2024.06.29"]
[EventType "swiss"]
[EventCountry "AZE"]
[SourceTitle "playchess.com"]
[Source "ChessBase"]
[SourceQuality "1"]
[TimeControl "5400+30"]

1. e4 c5 2. Nf3 e6 3. e5 Nc6 4. c3 d6 5. exd6 Bxd6 6. Bb5 Nge7 7. O-O a6 8. Ba4 {[%emt 0:00:26] Black is slightly better.} b5 9. Bc2 Bb7 10. Re1 Qc7 11. a4 b4 {[%emt 0:05:44] Wards off Na3} 12. d4 {[%emt 0:00:00] Wards off Ne5} bxc3 (12... Rd8 $17 {White must now prevent ...cxd4.} 13. Be4 O-O) 13. dxc5 $11 Bxc5 {[%emt 0:03:12] Strongly threatening ...Qb6.} 14. Nxc3 Rd8 15. Qe2 Nd4 16. Nxd4 Bxd4 17. Bg5 (17. Bd3 {simplifies} Qb6 18. Be3 Bxe3 19. Qxe3 Qxe3 20. Rxe3 Rd4 21. Rd1) 17... Qc5 18. Bh4 Bxc3 (18... Rd7 $15) 19. bxc3 O-O 20. Rab1 Rd7 {[%emt 0:06:20] [#]} 21. Rxb7 $1 Rxb7 22. Qe4 Ng6 23. Qxb7 {[%emt 0:00:00] Bxg6 would now be deadly.} Nxh4 24. Qxa6 (24. Qb4 {is more complex.} Qg5 25. Be4 Qd2 26. Rb1) 24... Qxc3 25. Qe2 g6 26. Be4 Nf5 27. Bxf5 exf5 {[%emt 0:00:10][%mdl 4096] Endgame. KQR-KQR} 28. Rb1 Qa3 29. Qd1 Qc3 30. Qe1 Qc4 (30... Qc5 $11) 31. Qb4 Qa2 32. Qb3 Qd2 33. Qb2 Qd5 34. Qc3 Ra8 35. h3 Qe4 36. Rb4 Qe8 37. Qa1 Qd8 38. Rb5 Qd7 39. Rb4 Qd8 40. Qd4 Qc7 41. Qc4 Qd7 (41... Rc8 {simplifies} 42. Qxc7 Rxc7 43. Rb1 Ra7) 42. Qd4 Qc7 43. Rc4 Qe7 (43... Rd8 $11) 44. Rc1 (44. Qc3 $14) 44... Qe8 45. Ra1 h5 46. h4 Ra5 47. Qb4 Qa8 48. Ra3 Kg7 49. Qd4+ Kg8 50. Rd3 (50. Rb3 $11 Kh7 51. Qb2) 50... Ra6 (50... Rxa4 $15 51. Qb6 Ra1+ (51... Rxh4 $2 {is the wrong capture.} 52. Rd8+ $18) 52. Kh2 Qe4 53. Rd8+ Kh7) 51. Qc3 (51. Rb3 $11 Re6 52. a5) 51... Qe8 (51... Rxa4 $17 52. Qf6 Ra1+ 53. Kh2 Qb8+ 54. Qd6 Qxd6+ 55. Rxd6 Kg7) 52. a5 Qb8 (52... Kh7 $11) 53. Qd2 ({White should try} 53. Rd7 $16 Ra8 54. Qd4) 53... Qb1+ 54. Kh2 {[%emt 0:00:03] Threatening mate with Rd8+.} Qb8+ {[%emt 0:00:07] [#]} (54... Qa1 $1 $11 {remains equal.}) 55. g3 ({White should play} 55. f4 $1 $16 {Rd8+ is the strong threat.} Ra8 56. a6) 55... Qe5 $1 56. Rd5 $36 {[%emt 0:00:28][%mdl 2048] White fights for an advantage.} Qf6 57. Rb5 Ra8 $2 {[%emt 0:00:37] Loses the game.} (57... Kg7 $11) 58. Rb6 $18 Qe5 59. a6 {[%emt 0:00:19][%cal Ba5a6,Ba6a7][%mdl 32] Hoping for Qa2.} Qc5 $2 (59... Kg7 60. Qb4 Ra7) 60. Qb2 Qc7 {[%emt 0:00:37] Wards off a7} (60... Qc8 $18 61. Qa2 Kf8) 61. Rb7 {[%emt 0:00:21] White mates.} Qc5 {[%emt 0:00:31] [#]} 62. a7 $1 Qd5 (62... Rf8 63. Qb6) 63. Rb8+ Kh7 64. Qh8# {[%emt 0:00:08] Weighted Error Value: White=0.14 (very precise) /Black=0.37.  Loses game:     	---       	Black=1      Mistake:       	White=5     	Black=10     Inaccurate:     	White=3     	Black=2      OK:         	White=16    	Black=19     Best:        	White=7     	Black=1      Strong:       	---       	Black=1      Brilliant:      	White=1     	---} 1-0

[Event "Baku Open 2024"]
[Site "Baku"]
[Date "2024.07.01"]
[Round "3.38"]
[White "Zhukova, Natalia"]
[Black "Gurbanov, Ismayil"]
[Result "1-0"]
[ECO "D35"]
[WhiteElo "2306"]
[BlackElo "2163"]
[Annotator "TA"]
[PlyCount "45"]
[EventDate "2024.06.29"]
[EventType "swiss"]
[EventCountry "AZE"]
[SourceTitle "playchess.com"]
[Source "ChessBase"]
[SourceQuality "1"]
[TimeControl "5400+30"]

1. d4 Nf6 2. c4 e6 3. Nc3 d5 4. cxd5 exd5 5. Bg5 Nbd7 6. e3 Be7 7. Bd3 O-O 8. Nge2 Re8 9. O-O Nf8 10. f3 Ne6 11. Bh4 c5 12. Kh1 {[%emt 0:12:09] White is slightly better.} g6 (12... cxd4 $11 13. Nxd4 Nxd4 14. exd4 Nh5 15. Bxe7 Rxe7) 13. dxc5 Nxc5 14. Bb5 Bd7 15. Bxd7 Ncxd7 16. Nf4 (16. Nxd5 $2 Nxd5 17. Qxd5 Bxh4 $19) 16... Nb6 17. Qb3 {[%emt 0:02:25] White has more active pieces.} Nc4 ({Black should try} 17... h6 $1 $14) 18. Bxf6 $16 (18. Qxb7 Nxe3 19. Bxf6 Bxf6 $17) 18... Bxf6 19. Ncxd5 (19. Qxb7 Nxe3 20. Rfe1 Bxc3 21. bxc3 d4 22. cxd4 Qxd4 $17) 19... Nd2 {[%emt 0:00:53][%mdl 8192] [#] This costs Black the game.} (19... Na5 $16 {might work better.} 20. Nxf6+ Qxf6) 20. Qb5 $18 (20. Qxb7 Nxf1 21. Rxf1 Rb8 22. Qxa7 Bxb2 $17 (22... Rxb2 $2 23. Rd1 $19)) 20... Be5 21. Rf2 g5 $2 (21... a6 22. Qd3 (22. Qxb7 Nc4 $16) 22... Nxf3 (22... Bxb2 $2 23. Rd1 $18) 23. Rxf3 (23. gxf3 Qh4 $18) 23... b5) 22. Nh5 {[%emt 0:03:12] Excellent horsemanship.} ({Worse is} 22. Qxb7 Rb8 23. Qc6 (23. Qxa7 $2 Nc4 $17) 23... gxf4 24. Rxd2 fxe3 $17) 22... g4 {[%emt 0:02:02] [#]} 23. Qxe8+ $2 {[%emt 0:00:48] Weighted Error Value: White=0.05 (flawless) /Black=0.83.  Loses game:     	---       	Black=1      Mistake:       	---       	Black=3      Inaccurate:     	White=2     	Black=2      OK:         	White=7     	Black=1      Best:        	White=2     	---} 1-0

[Event "Baku Open 2024"]
[Site "Baku"]
[Date "2024.07.01"]
[Round "3.39"]
[White "Musayev, Eldar"]
[Black "Akhilbay, Imangali"]
[Result "0-1"]
[ECO "D76"]
[WhiteElo "2129"]
[BlackElo "2303"]
[Annotator "TA"]
[PlyCount "46"]
[EventDate "2024.06.29"]
[EventType "swiss"]
[EventCountry "AZE"]
[SourceTitle "playchess.com"]
[Source "ChessBase"]
[SourceQuality "1"]
[TimeControl "5400+30"]

1. Nf3 Nf6 2. c4 g6 3. g3 Bg7 4. Bg2 O-O 5. O-O d5 6. d4 Nc6 7. cxd5 Nxd5 8. Nc3 Nb6 9. e3 a5 10. Na4 Nxa4 11. Qxa4 e5 12. dxe5 {[%emt 0:14:35] The position is equal.} Nxe5 13. Nxe5 Bxe5 14. Rd1 Qe7 15. Rb1 Bf5 16. e4 Bg4 17. f3 (17. Bh6 $11) 17... Qc5+ $17 18. Kh1 Be6 {[%emt 0:00:10] Black is more active.} 19. Bh6 {[%emt 0:05:10] [#]} Rfd8 ({Black should try} 19... Bxg3 $1 {[%cal Oc5h5] Hoping for ...Qh5!} 20. hxg3 (20. Bxf8 $2 Qh5 $19) 20... Qh5+ 21. Kg1 Qxh6) 20. f4 Bd4 21. Rbc1 {[%emt 0:09:00] Against b5} (21. e5 $142) 21... b5 22. Qc2 (22. Rxc5 $17 bxa4 23. Rxc7) 22... Qxc2 $19 23. Rxc2 Bg7 {[%emt 0:00:09] Weighted Error Value: White=0.50/Black=0.08 (flawless) .  Loses game:     	White=1     	---        Mistake:       	White=2     	Black=1      Inaccurate:     	---       	Black=1      OK:         	White=2     	Black=7      Best:        	White=1     	Black=3} (23... Bxa2 $2 24. Bg5 Bb3 25. Bxd8 Rxd8 (25... Bxc2 $2 {perishes.} 26. Rxd4 Rc8 27. Be7 $18) 26. Rcd2 Bxd1 27. Rxd1 $19) 0-1

[Event "Baku Open 2024"]
[Site "Baku"]
[Date "2024.07.01"]
[Round "3.40"]
[White "Novozhilov, Semen"]
[Black "Abdinova, Narmin"]
[Result "1-0"]
[ECO "A67"]
[WhiteElo "2288"]
[BlackElo "2121"]
[Annotator "NA RC"]
[PlyCount "63"]
[EventDate "2024.06.29"]
[EventType "swiss"]
[EventCountry "AZE"]
[SourceTitle "playchess.com"]
[Source "ChessBase"]
[SourceQuality "1"]
[TimeControl "5400+30"]

1. d4 Nf6 2. c4 c5 3. d5 e6 4. Nc3 exd5 5. cxd5 d6 6. e4 g6 7. f4 Bg7 8. Bb5+ Bd7 9. e5 Nh5 10. Nf3 O-O 11. Bxd7 Nxd7 12. g4 dxe5 13. fxe5 Nxe5 14. gxh5 Nxf3+ 15. Qxf3 Qh4+ 16. Kf1 Rae8 17. Bf4 g5 18. Bg3 Qh3+ 19. Qg2 Qf5+ 20. Kg1 Bd4+ 21. Bf2 Bxc3 22. bxc3 Re2 23. Rf1 Rfe8 24. h4 h6 25. Rh3 R8e4 26. d6 g4 27. Rg3 Qd7 28. Qf3 c4 29. Bd4 Qe6 30. d7 Qxd7 31. Qf6 Kf8 32. Qg7+ 1-0

[Event "Baku Open 2024"]
[Site "Baku"]
[Date "2024.07.01"]
[Round "3.41"]
[White "Ghoreishi Amiri, Seyed Kian"]
[Black "Dolgun, Can"]
[Result "0-1"]
[ECO "C56"]
[WhiteElo "2126"]
[BlackElo "2264"]
[Annotator "TA"]
[PlyCount "82"]
[EventDate "2024.06.29"]
[EventType "swiss"]
[EventCountry "AZE"]
[SourceTitle "playchess.com"]
[Source "ChessBase"]
[SourceQuality "1"]
[TimeControl "5400+30"]

1. e4 e5 2. Nf3 Nc6 3. Bc4 Nf6 4. d4 exd4 5. e5 d5 6. Bb5 Ne4 7. Nxd4 Bd7 8. Bxc6 bxc6 9. O-O Bc5 10. f3 Ng5 11. f4 Ne4 12. Be3 Bb6 13. c3 c5 14. Ne2 Bg4 {[%emt 0:07:31] The position is equal.} (14... c6 {simplifies} 15. Nd2 Nxd2 16. Qxd2 O-O) 15. h3 c4 16. Bxb6 {[%emt 0:00:47] Bd4 is the strong threat.} Bxe2 17. Qxe2 axb6 18. Qg4 {[%emt 0:02:07] Inhibits Ng3.} (18. Rd1 $11 {remains equal.}) 18... Qe7 19. Na3 (19. Qd1 $15) 19... h5 $1 $17 20. Qd1 {[%emt 0:02:35] [#]} Nxc3 {[%emt 0:01:40][%mdl 512] Black is more active.} 21. bxc3 $15 {[%emt 0:00:24] Threatens to win with Nc2.} Qc5+ (21... Qxa3 22. Qxd5 Qc5+ 23. Qxc5 bxc5 24. Rad1) 22. Kh1 Rxa3 23. f5 ({White should play} 23. Qf3 $1 $15) 23... Rxc3 $17 24. e6 (24. Qa4+ $17 Ke7 25. f6+ gxf6 26. Rxf6) 24... O-O $2 (24... Ra3 $19 {White must now prevent ...b5.} 25. Re1 f6) 25. f6 $2 {[%emt 0:02:45][%mdl 8192] [#]} (25. Qxh5 $11 d4 26. Qg4) 25... d4 $1 $19 (25... fxe6 $2 {is the wrong capture.} 26. Qxh5 Rxf6 27. Rxf6 gxf6 28. Qg6+ Kf8 29. Qxf6+ Ke8 30. Qh8+ (30. Qxc3 d4 $18) (30. Qxe6+ Qe7 $18) 30... Kd7 31. Qg7+ (31. Qxc3 d4 $18) 31... Kd6 32. Qxc3 $18) 26. fxg7 Kxg7 27. Rxf7+ (27. Qe1 Re3 28. Qh4) 27... Rxf7 28. exf7 Kxf7 {[%emt 0:01:32][%mdl 4096] Endgame. KQR-KQR} 29. Qe2 Re3 30. Qf2+ Ke7 31. Rf1 Kd7 32. Qc2 d3 33. Qa4+ b5 {[%emt 0:01:11] Black mates.} 34. Qa8 d2 35. Rf7+ Re7 36. Rxe7+ Kxe7 {[%emt 0:02:16] KQ-KQ} 37. Qe4+ Kd7 38. Qh7+ Qe7 39. Qf5+ Qe6 40. Qxb5+ Kc8 41. Qb1 Qe1+ {[%emt 0:00:06] Weighted Error Value: White=1.35/Black=0.22 (precise) .  Loses game:     	White=1     	---        Missed win:     	---       	Black=1      Mistake:       	White=5     	Black=1      Inaccurate:     	---       	Black=2      OK:         	White=4     	Black=3      Best:        	---       	Black=3      Strong:       	---       	Black=2} 0-1

[Event "Baku Open 2024"]
[Site "Baku"]
[Date "2024.07.01"]
[Round "3.42"]
[White "Bharadia Yash"]
[Black "Guliev, Logman"]
[Result "1-0"]
[ECO "B63"]
[WhiteElo "2100"]
[BlackElo "2257"]
[Annotator "RC"]
[PlyCount "97"]
[EventDate "2024.06.29"]
[EventType "swiss"]
[EventCountry "AZE"]
[SourceTitle "playchess.com"]
[Source "ChessBase"]
[SourceQuality "1"]
[TimeControl "5400+30"]

1. e4 c5 2. Nf3 d6 3. d4 cxd4 4. Nxd4 Nf6 5. Nc3 Nc6 6. Bg5 e6 7. Qd2 Be7 8. O-O-O Nxd4 9. Qxd4 O-O 10. h4 Qa5 11. Qe3 a6 12. f4 Rd8 13. Be2 Kh8 14. e5 dxe5 15. fxe5 Ng8 16. Bxe7 Nxe7 17. Qf4 Ng6 18. Rxd8+ Qxd8 19. Qxf7 Bd7 20. Ne4 Qe8 21. Qf2 Nxe5 22. Qg3 Nf7 23. Bd3 e5 24. Re1 Qe7 25. Ng5 Nxg5 26. hxg5 Re8 27. Qh4 h6 28. Rh1 e4 29. Be2 Kh7 30. Bh5 g6 31. Be2 Qg7 32. Qf4 h5 33. g4 Qe5 34. Qe3 Rf8 35. Kb1 Qf4 36. Qg1 Qxg5 37. Qd1 Rd8 38. gxh5 Bf5 39. Qf1 Kg7 40. Qe1 Rd2 41. hxg6 e3 42. Ka1 Rxc2 43. Qb4 b5 44. Qd4+ Kxg6 45. Bd3 Rd2 46. Qd6+ Kf7 47. Qd5+ Kg6 48. Qe6+ Kg7 49. Bxf5 1-0

[Event "Baku Open 2024"]
[Site "Baku"]
[Date "2024.07.01"]
[Round "3.43"]
[White "Kaldarova, Ayaulym"]
[Black "Avinash Ramesh"]
[Result "1-0"]
[ECO "D02"]
[WhiteElo "2100"]
[BlackElo "2252"]
[Annotator "NA RC"]
[PlyCount "111"]
[EventDate "2024.06.29"]
[EventType "swiss"]
[EventCountry "AZE"]
[SourceTitle "playchess.com"]
[Source "ChessBase"]
[SourceQuality "1"]
[TimeControl "5400+30"]

1. Nf3 d5 2. g3 Nd7 3. d4 Nb6 4. Nc3 Bf5 5. a4 a5 6. Nh4 Bg4 7. h3 Bh5 8. Ng2 e6 9. Nf4 Bg6 10. Nxg6 hxg6 11. Bg2 f5 12. Qd3 c6 13. O-O Nf6 14. b3 Be7 15. Ba3 Bxa3 16. Rxa3 Qe7 17. Raa1 g5 18. Qe3 g4 19. h4 Nc8 20. Rfc1 Nd6 21. Nd1 Nfe4 22. c4 g5 23. hxg5 Qh7 24. cxd5 Ke7 25. Nc3 Qh2+ 26. Kf1 Rh3 27. Nxe4 fxe4 28. Bxe4 Nxe4 29. Qxe4 cxd5 30. Qg2 Rah8 31. Qxh2 Rxh2 32. Ke1 Rf8 33. Rc7+ Kd6 34. Rac1 Rfxf2 35. R1c2 e5 36. dxe5+ Kxe5 37. g6 Rf8 38. Rxb7 Rh1+ 39. Kd2 Rh3 40. g7 Rg8 41. Rf7 Rxg3 42. Rc8 Rxc8 43. Rf8 Rxf8 44. gxf8=Q Rxb3 45. Qg7+ Kd6 46. Qxg4 Rb4 47. Qg6+ Kc5 48. Qc2+ Kd6 49. Kd3 Re4 50. e3 Rb4 51. Qh2+ Kc6 52. Qh6+ Kc5 53. Qf8+ Kb6 54. Qd6+ Ka7 55. Qxd5 Rxa4 56. Qd7+ 1-0

[Event "Baku Open 2024"]
[Site "Baku"]
[Date "2024.07.01"]
[Round "3.44"]
[White "Huseynova, Lala"]
[Black "Bayramov, Zaur"]
[Result "0-1"]
[ECO "B41"]
[WhiteElo "2036"]
[BlackElo "2249"]
[Annotator "TA"]
[PlyCount "48"]
[EventDate "2024.06.29"]
[EventType "swiss"]
[EventCountry "AZE"]
[SourceTitle "playchess.com"]
[Source "ChessBase"]
[SourceQuality "1"]
[TimeControl "5400+30"]

1. e4 c5 2. Nf3 e6 3. d4 cxd4 4. Nxd4 a6 5. Bd3 Nc6 6. Nxc6 dxc6 7. c4 e5 8. Nc3 Nf6 9. O-O h6 10. b3 Bc5 11. Bb2 Bd4 {[%emt 0:02:57] The position is equal.} 12. Qc2 O-O 13. Ba3 Re8 14. b4 (14. Rab1 $11) 14... a5 {[%emt 0:07:43] Black has more active pieces.} 15. b5 {[%emt 0:01:26] [#]} cxb5 (15... Nh5 $1 $17 {[%cal Rh5f4] And now ...Nf4 would win.} 16. Rad1 Bxc3 17. Qxc3 cxb5 18. cxb5 Nf4) 16. cxb5 {[%emt 0:01:06] This move loses the game for White.} (16. Nxb5 $15 Bxa1 17. Rxa1) 16... Be6 $19 17. Bb2 {[%emt 0:09:27] [#]} a4 $1 {[%emt 0:01:32][%mdl 512] aiming for ...a3.} 18. a3 (18. Nxa4 $2 {too greedy.} Rxa4 19. Qxa4 Bxb2 $19) (18. Nd5 $142 Nxd5 19. exd5) (18. Rad1 a3) 18... Rc8 {[%emt 0:03:01] White must now prevent ...Nh5.} (18... Bb3 $2 19. Qe2 $19) 19. Rac1 Qa5 20. Qd2 b6 {[%emt 0:01:31] ...Rc5 is the strong threat.} 21. Kh1 $2 (21. Qe1) 21... Rc5 {[%emt 0:02:12] Strongly threatening ...Rec8. Black is clearly winning.} 22. Rc2 Bb3 23. Rfc1 Bxc2 24. Rxc2 Rec8 {[%emt 0:00:10] Weighted Error Value: White=0.84/Black=0.07 (flawless) .  Mistake:       	White=4     	Black=1      Inaccurate:     	White=2     	---        OK:         	White=6     	Black=8      Best:        	---       	Black=1} 0-1